 Dungeon Crawl Stone Soup version 0.29.1-15-g9cfb28693d (webtiles) character file.

Game seed: 1424229731352193036

360 Ayazi56 the Sneak (level 6, -4/41 (43) HPs)
             Began as an Octopode Monk on Apr 13, 2023.
             Was an Initiate of Yredelemnul.
             Slain by a wight
             ... wielding a +5 war axe
              (6 damage)
             ... on level 4 of the Dungeon.
             The game lasted 00:13:03 (2025 turns).

Ayazi56 the Sneak (Octopode Monk)                   Turns: 2025, Time: 00:13:05

HP:   -4/41 (43)    AC:  1    Str: 11    XL:     6   Next: 65%
MP:   6/6           EV: 14    Int: 12    God:    Yredelemnul [......]
Gold: 179           SH:  0    Dex: 16    Spells: 5/5 levels left

rFire   . . .      SeeInvis .   r - +3 war axe
rCold   . . .      Faith    .   (no shield)
rNeg    . . .      Spirit   .   (helmet restricted)
rPois   .          Reflect  .   (no amulet)
rElec   .          Harm     .   (no ring)
rCorr   .          Rampage  .   (no ring)
Will    .....                   (no ring)
Stlth   ++++......              (no ring)
HPRegen 0.13/turn               (no ring)
MPRegen 0.10/turn               (no ring)
                                (no ring)
                                (no ring)

@: lightly drained
A: almost no armour, amphibious, 8 rings, camouflage 1, gelatinous body 1,
(nimble swimmer 1), tentacles
a: Renounce Religion, Recall Undead Harvest


You were on level 4 of the Dungeon.
You worshipped Yredelemnul.
Yredelemnul was noncommittal.
You visited 1 branch of the dungeon, and saw 4 of its levels.
You also visited: Sewer.

You collected 179 gold pieces.

Inventory:

Hand Weapons
 a - a +0 hand axe
 m - a +2 dagger of draining
 r - a +3 war axe (weapon)
Scrolls
 c - a scroll of vulnerability {unknown}
 e - 7 scrolls of identify {unknown}
 f - 2 scrolls of teleportation {unknown}
 l - 2 scrolls of brand weapon {unknown}
 n - 2 scrolls of magic mapping {unknown}
 o - a scroll of enchant armour {unknown}
 q - a scroll of acquirement {unknown}
Potions
 b - a potion of ambrosia
 d - 4 potions of curing {unknown}
 g - a potion of haste {unknown}
 h - a potion of heal wounds {unknown}
 i - a potion of berserk rage {unknown}
 j - 2 potions of resistance {unknown}
 k - 6 potions of flight
 p - a potion of might {unknown}


   Skills:
 + Level 4.0 Fighting
 + Level 1.4 Short Blades
 + Level 4.1 Axes
 + Level 3.8 Dodging
 + Level 6.5 Stealth


You had 5 spell levels left.
You didn't know any spells.
Your spell library was empty.

Dungeon Overview and Level Annotations

Branches:
Dungeon (4/15)              Sewer (visited)
 Temple: D:4-7

Altars:
Yredelemnul


Innate Abilities, Weirdness & Mutations

You cannot wear most types of armour.
You are amphibious.
You can wear up to eight rings at the same time.
Your skin changes colour to match your surroundings (Stealth+).
Your rubbery body absorbs attacks. (AC +1, EV +1)
((You are camouflaged when in or above water. (Stealth+)))
You have tentacles for arms and can constrict up to eight enemies at once.


Message History

You destroy the hound zombie!
There is an open door here.
Things that are here:
a +3 war axe; a +0 robe
r - a +3 war axe
r - a +3 war axe (weapon)
You open the door.
A necrophage comes into view.
There is an open door here.
The helpless necrophage fails to defend itself.
You slash the necrophage! Your grab misses the necrophage.
Your squeeze misses the necrophage.
The necrophage is heavily damaged.
The necrophage hits you!
You hit the necrophage. You grab the necrophage.
The necrophage is heavily damaged.
You constrict the necrophage, but do no damage.
The necrophage closely misses you.
You hit the necrophage but do no damage.
The necrophage is heavily damaged.
You constrict the necrophage. The necrophage hits you.
You feel drained. The necrophage hits you.
You feel drained.
You hit the necrophage.
The necrophage is severely damaged.
You constrict the necrophage. The necrophage misses you.
You hit the necrophage.
You destroy the necrophage!
Your life force feels restored.
You open the door.
A wight comes into view. It is wielding a +5 war axe.
There is an open door here.
The helpless wight fails to defend itself.
You slash the wight! You grab the wight.
The wight is almost destroyed.
You constrict the wight, but do no damage.
The wight closely misses you. The wight hits you with a +5 war axe!
* * * LOW HITPOINT WARNING * * *
You feel drained.
You die...
Your body rises from the dead as a mindless zombie.

####.###.....# #............##
###.##.##......)#
#...##.#.........
##Z#...Z#..#####.. ###
#....Z.#)..# #.. ..#
#############..# #.# ####.#
#.#.#z# #[.# #.#
#....#######'#'#@#+#+#+#..#####..
#.........'............#........#
....[##.####'#[#'#+#+#+#.##...###
#.##.##.#8##.#.#.# #.........
##~#....)# ####### #......###
~#~#.##.## #.#### ####...#
~#.#.##.# #Z.Z.# #...#
~#~#....#### ####.#### #...#
~#~###.....# ###......####...###


You could see a wight.

Vanquished Creatures
  A necrophage (D:4)
  A wight (D:4)
  2 hounds
  A hound zombie (D:4)
  A howler monkey zombie (D:4)
  4 adders
  3 river rats
  An adder zombie (D:4)
  2 worms
  A dart slug (D:3)
  12 ball pythons
  7 bats
  7 endoplasms
  4 giant cockroaches
  A goblin (D:4)
  2 hobgoblins
  2 jackals (Sewer)
  3 quokkas
  A frilled lizard (D:2)
  7 kobolds
  4 rats
67 creatures vanquished.

Vanquished Creatures (collateral kills)
  An adder (Sewer)
  A river rat (Sewer)
  3 ball pythons (Sewer)
  3 bats
  A hobgoblin (D:1)
  A jackal (Sewer)
  3 quokkas
  A goblin (D:1)
  A kobold (D:4)
  A rat (D:1)
16 creatures vanquished.

Vanquished Creatures (others)
  3 bat zombies (Sewer)
  A ball python zombie (D:2)
  2 jackal zombies (Sewer)
  12 plants (D:1)
18 creatures vanquished.

Grand Total: 101 creatures vanquished

Notes
Turn   | Place    | Note
-------+----------+-------------------------------------------
     0 | D:1      | Ayazi56 the Octopode Monk began the quest for the Orb.
     0 | D:1      | Reached XP level 1. HP: 16/16 MP: 1/1
   268 | D:1      | Found a faded altar of an unknown god.
   280 | D:1      | Prayed at the altar of an unknown god.
   280 | D:1      | Became a worshipper of Yredelemnul the Dark
   280 | D:1      | Reached * piety under Yredelemnul
   280 | D:1      | Reached ** piety under Yredelemnul
   302 | D:1      | Reached XP level 2. HP: 14/21 MP: 2/2
   572 | D:2      | Reached skill level 3 in Stealth
   572 | D:2      | Reached XP level 3. HP: 7/26 MP: 3/3
   862 | D:3      | Reached XP level 4. HP: 9/32 MP: 4/4
  1159 | D:4      | Reached skill level 4 in Stealth
  1167 | D:4      | Reached XP level 5. HP: 28/37 MP: 5/5
  1347 | D:4      | Found a glowing drain.
  1351 | Sewer    | Entered a sewer
  1492 | Sewer    | Reached skill level 5 in Stealth
  1708 | Sewer    | Reached XP level 6. HP: 40/43 MP: 6/6
  2005 | D:4      | Reached skill level 1 in Short Blades
  2005 | D:4      | Reached skill level 6 in Stealth
  2025 | D:4      | HP: 2/43 [wight/+5 war axe (15)]
  2025 | D:4      | Slain by a wight

Illustrated notes

Levels and vault maps discovered:
D:1:      dpeg_arrival_chambers_temple_mockup, layout_basic,
          hellmonk_ecumenical_altar_blasted, serial_forest,
          infiniplex_forest_clump_C, infiniplex_forest_clump_tiny,
          infiniplex_forest_clump_medium, infiniplex_forest_join,
          infiniplex_forest_corner_1, infiniplex_forest_clump_curved,
          minmay_misc_feat_x, kennysheep_flooded_box, minmay_tetromino_s4
D:2:      layout_loops_ring, st_stairs_8
D:3:      layout_loops_cross
D:4:      layout_loops_cross, lemuel_mausoleum_altar_yredelemnul,
          gup_sewer_entry_spiral, minmay_shop_grid_forest

Skill      XL: |  1  2  3  4  5  6 |
---------------+-------------------+-----
Stealth        | 3 4 5 6 |  6.5
Axes           | 4 |  4.1
Fighting       | 4 |  4.0
Short Blades   | 1 |  1.4
Dodging        | |  3.8

Action                   |  1- 3 |  4- 6 || total
-------------------------+-------+-------++-------
Melee: Hand axe          |    58 |    21 ||    79
       Constrict         |    13 |    21 ||    34
       Tentacles         |    12 |    15 ||    27
       Dagger            |       |    53 ||    53
       Punch             |       |     1 ||     1
       War axe           |       |     6 ||     6
Invok: Recall Undead Har |     1 |       ||     1
 Stab: Sleeping          |     6 |    21 ||    27
Armor: Skin              |     2 |     8 ||    10
Dodge: Dodged            |    36 |    63 ||    99
